 Dungeon Crawl Stone Soup version 0.26-a0-651-gb41185065b (webtiles) character file.

Game seed: 10708207128091493187

160 Lanoc the Cudgeler (level 5, -3/42 HPs)
             Began as a Formicid Chaos Knight on Oct 6, 2020.
             Was a Follower of Sif Muna.
             Slain by a centaur (7 damage)
             ... on level 3 of the Dungeon.
             The game lasted 00:01:50 (1282 turns).

Lanoc the Cudgeler (Formicid Chaos Knight)          Turns: 1282, Time: 00:01:50

Health: -3/42      AC:  5    Str: 16    XL:     5   Next: 69%
Magic:  5/5        EV: 12    Int: 12    God:    Sif Muna [*.....]
Gold:   71         SH:  0    Dex: 11    Spells: 4/4 levels left

rFire    . . .     SeeInvis +   a - +0 mace (chaos)
rCold    . . .     Faith    .   (no shield)
rNeg     . . .     Spirit   .   b - +2 leather armour
rPois    .         Reflect  .   (helmet unavailable)
rElec    .         Harm     .   (no cloak)
rCorr    .         Rampage  .   (no gloves)
MR       .....                  (no boots)
Stlth    +.........             (no amulet)
HPRegen  0.14/turn              (no ring)
MPRegen  0.09/turn              (no ring)

@: no status effects
A: permanent stasis, dig shafts and tunnels, four strong arms, antennae 3
a: Dig, Shaft Self, Channel Magic, Renounce Religion


You were on level 3 of the Dungeon.
You worshipped Sif Muna.
Sif Muna was aware of your devotion.
You visited 1 branch of the dungeon, and saw 3 of its levels.

You collected 71 gold pieces.

Inventory:

Hand Weapons
 a - a +0 mace of chaos (weapon)
Armour
 b - a +2 leather armour (worn)
Scrolls
 c - 2 scrolls of identify {unknown}
 d - a scroll of fear {unknown}
 e - a scroll of enchant weapon {unknown}
 f - a scroll of remove curse {unknown}


   Skills:
 + Level 4.1 Fighting
 * Level 4.4 Maces & Flails
 + Level 3.2 Armour
 + Level 2.1 Dodging


You had 4 spell levels left.
You didn't know any spells.
Your spell library was empty.

Dungeon Overview and Level Annotations

Branches:
Dungeon (3/15)

Altars:
Sif Muna
The Shining One


Innate Abilities, Weirdness & Mutations

You cannot be hasted, slowed, berserked, paralysed or teleported.
You can dig through walls and to a lower floor.
Your four strong arms can wield two-handed weapons with a shield.
You have a pair of large antennae on your head. (SInv)


Message History

The helpless centaur fails to defend itself.
You sock the centaur! You burn the centaur.
The centaur is severely wounded.
The helpless centaur fails to defend itself.
You hit the centaur.
The centaur is severely wounded.
The helpless centaur fails to defend itself.
You hit the centaur. You burn the centaur.
The centaur is severely wounded.
The helpless centaur fails to defend itself.
You hit the centaur but do no damage.
Nothing appears to happen.
The centaur is severely wounded.
The helpless centaur fails to defend itself.
You hit the centaur.
The centaur is severely wounded.
The centaur is no longer petrified.
The centaur hits you.
* * * LOW HITPOINT WARNING * * *
The centaur hits you!
You die...
Xom chuckles heartily!

#######
#....)..#............
#......
#.......#.###########
#.....(##.......#.#
#...............(.#
######..........###
#..?(......#
#....(.....#
#......[...####
#......@.......
#.......c.####.
###+#####.# .# #


You could see a centaur (fast).

Vanquished Creatures
  A bullfrog (D:3)
  7 adders
  An ooze (D:2)
  A worm (D:3)
  A leopard gecko (D:2)
  2 orcs (D:3)
  2 bats (D:2)
  2 giant cockroaches
  3 goblins
  2 hobgoblins
  5 kobolds
  A quokka (D:2)
  A frilled lizard (D:2)
  2 rats
31 creatures vanquished.

Notes
Turn   | Place    | Note
-------+----------+-------------------------------------------
     0 | D:1      | Lanoc the Formicid Chaos Knight began the quest for the
                  | Orb.
     0 | D:1      | Reached XP level 1. HP: 18/18 MP: 1/1
   191 | D:2      | Reached skill level 1 in Dodging
   193 | D:2      | XOM: silly message
   213 | D:2      | Reached XP level 2. HP: 6/24 MP: 2/2
   219 | D:2      | XOM: smoke on damage
   505 | D:2      | Reached XP level 3. HP: 29/29 MP: 3/3
   522 | D:2      | Found a faded altar of an unknown god.
   613 | D:2      | Found a glowing golden altar of the Shining One.
   660 | D:2      | Fell from the grace of Xom
   660 | D:2      | Became a worshipper of Sif Muna the Loreminder
   660 | D:2      | Reached * piety under Sif Muna
   742 | D:2      | Reached XP level 4. HP: 33/37 MP: 4/4
   768 | D:3      | Noticed a bullfrog
   776 | D:3      | Killed a bullfrog
   776 | D:3      | Reached XP level 5. HP: 42/42 MP: 5/5
  1263 | D:3      | Noticed a centaur
  1282 | D:3      | Slain by a centaur

Illustrated notes

Levels and vault maps discovered:
D:1:      minmay_arrival_nine_rooms, layout_basic, minmay_quantized
D:2:      layout_basic, tso_altar, nicolae_overflow_hidden_temple,
          chequers_ecumenical_altar_simple_redux
D:3:      layout_basic, hangedman_abyss_or_decor_stabs, uniq_crazy_yiuf_cottage

Skill      XL: |  1  2  3  4  5 |
---------------+----------------+-----
Dodging        | 1 2 |  2.1
Maces & Flails | 4 |  4.4
Armour         | 3 |  3.2
Fighting       | 4 |  4.1

Action                   |  1- 3 |  4- 6 || total
-------------------------+-------+-------++-------
Melee: Mace              |    65 |    59 ||   124
 Stab: Sleeping          |     1 |       ||     1
       Paralysed         |       |     3 ||     3
       Petrified         |       |     5 ||     5
Armor: Leather armour    |    33 |    12 ||    45
Dodge: Dodged            |    51 |    49 ||   100

Table legend: (Time is in decaauts)
 A = Elapsed time spent in this place.
 B = Non-inter-level travel time spent in this place.
 C = Inter-level travel time spent in this place.
 D = Time resting spent in this place.
 E = Time spent auto-exploring this place.
 F = Levels seen in this place.
 G = Mean time per level.
                   A        B        C        D        E       F      G
               +--------+--------+--------+--------+--------+-----+--------+
         Total |   1307 |   1270 |     37 |    120 |    897 |   3 |  435.7 |
       Dungeon |   1307 |   1270 |     37 |    120 |    897 |   3 |  435.7 |
               +--------+--------+--------+--------+--------+-----+--------+

Top non-repeatable levels by time:
     D:2: 702 daAuts
     D:3: 541 daAuts
     D:1: 63 daAuts
